 Dungeon Crawl Stone Soup version 0.29-a0-1043-g569b05d6ff (webtiles) character file.

Game seed: 9398613879369104162

2284 gelatine the Firebug (level 9, -1/55 (59) HPs)
             Began as a Demonspawn Fire Elementalist on Aug 16, 2022.
             Slain by a wight
             ... wielding a +0 great sword
              (2 damage)
             ... on level 6 of the Dungeon.
             The game lasted 00:22:59 (7010 turns).

gelatine the Firebug (Demonspawn Fire Elementalist) Turns: 7010, Time: 00:23:00

HP:   -1/55 (59)    AC:  5    Str:  8    XL:     9   Next: 17%
MP:   8/18          EV: 12    Int: 22    God:
Gold: 225           SH:  0    Dex: 13    Spells: 15/20 levels left

rFire   . . .      SeeInvis +   B - +6 rapier (venom)
rCold   . . .      Faith    .   (no shield)
rNeg    + . .      Spirit   .   x - +1 robe {Will+}
rPois   .          Reflect  .   (no helmet)
rElec   .          Harm     .   (no cloak)
rCorr   .          Rampage  .   (no gloves)
Will    +....                   w - +0 pair of boots
Stlth   ++........              (no amulet)
HPRegen 0.18/turn               f - ring of positive energy
MPRegen 0.16/turn               m - ring of see invisible

@: drained
A: claws 2, rugged brown scales 1, powered by pain 2, spiny 1
a: no special abilities


You were on level 6 of the Dungeon.
You visited 1 branch of the dungeon, and saw 6 of its levels.

You collected 225 gold pieces.

Inventory:

Hand Weapons
 r - a +3 flail of protection
 z - a +2 whip of flaming
 B - a +6 rapier of venom (weapon)
Armour
 w - a +0 pair of boots (worn)
 x - a +1 robe of willpower (worn)
 A - a +0 robe of fire resistance
Magical Staves
 p - a staff of death
 u - a staff of cold
Jewellery
 f - a ring of positive energy (left claw)
 m - a ring of see invisible (right claw)
Wands
 o - a wand of charming (11)
 t - a wand of iceblast (9)
 y - a wand of flame (13)
Scrolls
 d - a scroll of fog
 g - a scroll of enchant weapon
 i - a scroll of amnesia
 j - 2 scrolls of teleportation
Potions
 a - a potion of flight {unknown}
 e - a potion of mutation
 h - 4 potions of curing
 k - 2 potions of might {unknown}
 l - 3 potions of lignification
 q - 2 potions of haste
 s - a potion of resistance {unknown}
 v - a potion of heal wounds {unknown}


   Skills:
 + Level 0.7 Fighting
 + Level 2.0 Maces & Flails
 + Level 2.7 Dodging
 + Level 3.0 Stealth
 + Level 6.3 Spellcasting
 + Level 4.4 Conjurations
 * Level 4.1 Translocations
 + Level 6.6 Fire Magic
 + Level 0.1 Evocations


You had 15 spell levels left.
You knew the following spells:

 Your Spells              Type           Power      Damage    Failure   Level
a - Foxfire               Conj/Fire      100%       2x1d9     1%          1
b - Scorch                Fire           72%        2d9       1%          2
d - Blink                 Tloc           48%        N/A       2%          2

Your spell library contained the following spells:

 Spells                   Type           Power      Damage    Failure   Level
 Conjure Flame            Conj/Fire      31%        6-21      2%          3
 Inner Flame              Hex/Fire       21%        N/A       7%          3
 Flame Wave               Conj/Fire      31%        2d9       9%          4
 Sticky Flame             Conj/Fire      31%        2d5       9%          4
 Dazzling Flash           Conj/Hex       32%        N/A       11%         3
 Ignite Poison            Fire/Tmut/Pois 16%        N/A       11%         3
 Ensorcelled Hibernation  Hex/Ice        12%        N/A       14%         2
 Passwall                 Tmut/Erth      5%         N/A       14%         2
 Swiftness                Air            6%         N/A       26%         3
 Manifold Assault         Tloc           24%        N/A       41%         5
 Animate Dead             Necr           6%         N/A       65%         4
 Agony                    Necr           6%         N/A       94%         5
 Silence                  Hex/Air        3%         N/A       94%         5
 Haunt                    Necr/Summ      3%         N/A       100%        7
 Storm Form               Tmut/Air       3%         N/A       100%        7
 Infestation              Necr           3%         N/A       100%        8


Dungeon Overview and Level Annotations

Branches:
Dungeon (6/15)             Temple (0/1) D:5

Altars:

Shops:
D:1 [   D:4 !![   D:5 (

Annotations:
D:4 2 transporters, flotson's ghost, weakling DsDe
D:5 exclusion: oklob sapling
D:6 Maggie


Innate Abilities, Weirdness & Mutations

You have very sharp fingernails.
You are partially covered in rugged brown scales. (AC +1, +3% HP)
You sometimes gain power by taking damage.
You are partially covered in sharp spines.


Message History

The wight is almost destroyed.
The wight's fire resistance burns away.
Maggie is struck by your spines. Maggie misses you.
As you read the scroll of teleportation, it crumbles to dust.
You feel strangely unstable. The wight hits you with a +3 battleaxe!
The wight barely misses you. Maggie is struck by your spines.
Maggie hits you with a +1 broad axe of draining!
* * * LOW HITPOINT WARNING * * *
You partially resist.
You feel drained.
* * * LOW HITPOINT WARNING * * *
Casting: Scorch (safe; 1% risk of failure)
Confirm with . or Enter, or press ? or * to list all spells.
You blink.
A wight comes into view. It is wielding a +0 dire flail.
Maggie is no longer more vulnerable to fire.
The wight is no longer more vulnerable to fire.
Your hound closely misses the wight. x2; The wight misses your hound.
Maggie gestures wildly while chanting.
Maggie attempts to bespell you! You resist with almost no effort.
Your surroundings suddenly seem different.
A wight comes into view. It is wielding a +0 great sword.
Aiming: Charm
Press: ? - help, Q - select action, (/) - cycle Shift-Dir - straight line, f - wight
Aim: a wight, wielding a +0 great sword and wearing a +0 robe (wandering, hasn't noticed you, chance to affect: 49%)
Okay, then.
You feel better. The wight completely misses you.
Casting: Blink (safe; 2% risk of failure)
Confirm with . or Enter, or press ? or * to list all spells.
Flames lash the wight.
The wight is lightly damaged.
The wight's fire resistance burns away.
The wight is struck by your spines.
The wight hits you with a +0 great sword!
* * * LOW HITPOINT WARNING * * *
You feel better.
You feel stable enough to blink again. The wight is struck by your spines.
The wight hits you with a +0 great sword!
* * * LOW HITPOINT WARNING * * *
You partially resist.
You feel drained.
You die...

.
#.###.z..#
.
..........
##.###....#
# ######
#######.#
#.......##
#.........
#.z.....#
#.@.....#
#.......#
#.......#
#########


You could see a wight (combustible).

Vanquished Creatures
  Pikel (D:6)
  Sigmund (D:2)
  Eustachio (D:6)
  Edmund (D:4)
  A water moccasin (D:6)
  An orc warrior (D:6)
  An ice beast (D:6)
  An ogre (D:4)
  A kobold brigand (D:6)
  A necrophage (D:5)
  3 scorpions
  A howler monkey (D:6)
  2 orc priests (D:5)
  A gnoll bouda (D:6)
  3 hounds
  4 jellies
  3 iguanas
  3 orc wizards
  5 gnolls (D:6)
  10 adders
  A shadow imp (D:6)
  A white imp (D:6)
  2 ufetubi
  A worm (D:2)
  6 dart slugs
  9 orcs
  6 endoplasms
  2 giant cockroaches (D:3)
  5 goblins
  13 hobgoblins
  3 jackals (D:5)
  2 quokkas
  6 ball pythons
  3 bats
  3 frilled lizards
  9 kobolds
  6 rats
123 creatures vanquished.

Vanquished Creatures (collateral kills)
  17 foxfires (D:5)
17 creatures vanquished.

Vanquished Creatures (others)
  490 foxfires
490 creatures vanquished.

Grand Total: 630 creatures vanquished

Notes
Turn   | Place    | Note
-------+----------+-------------------------------------------
     0 | D:1      | gelatine the Demonspawn Fire Elementalist began the quest
                  | for the Orb.
     0 | D:1      | Reached XP level 1. HP: 13/13 MP: 3/3
   148 | D:1      | Found Havvakho's Antique Armour Emporium.
   437 | D:1      | Gained mutation: You are partially covered in sharp spines.
                  | [demonic ancestry]
   437 | D:1      | Reached XP level 2. HP: 19/19 MP: 1/5
   913 | D:1      | Learned a level 2 spell: Scorch
   998 | D:2      | Found a faded altar of an unknown god.
  1009 | D:2      | Reached XP level 3. HP: 24/24 MP: 4/6
  1134 | D:2      | Noticed Sigmund
  1297 | D:2      | Learned a level 2 spell: Ensorcelled Hibernation
  1494 | D:2      | Killed Sigmund
  1495 | D:2      | Gained mutation: You sometimes gain a little power by
                  | taking damage. [demonic ancestry]
  1495 | D:2      | Reached XP level 4. HP: 10/30 MP: 1/9
  1495 | D:2      | Gained mutation: You have sharp fingernails. [demonic
                  | ancestry]
  1495 | D:2      | Reached XP level 5. HP: 11/35 MP: 1/10
  2363 | D:3      | Reached XP level 6. HP: 32/41 MP: 5/11
  2853 | D:3      | Learned a level 2 spell: Blink
  3089 | D:4      | Found Kasal's Antique Armour Shop.
  3156 | D:4      | Found Myohuwney's Distillery.
  3286 | D:4      | Noticed Edmund
  3297 | D:4      | Killed Edmund
  3493 | D:4      | Found a transporter.
  3494 | D:4      | Noticed flotson's ghost (weakling DsDe)
  3660 | D:4      | Identified the +2 dire flail "Qamorig" {venom, rElec}
  3666 | D:4      | Reached skill level 1 in Translocations
  3713 | D:4      | Gained mutation: You are partially covered in rugged brown
                  | scales. (AC +1, +3% HP) [demonic ancestry]
  3713 | D:4      | Reached XP level 7. HP: 41/47 MP: 9/13
  3886 | D:4      | Found Peiwk's Distillery.
  4549 | D:4      | Found a transporter.
  4694 | D:5      | Entered Level 5 of the Dungeon
  4707 | D:5      | Reached skill level 5 in Fire Magic
  5387 | D:5      | Found a staircase to the Ecumenical Temple.
  5677 | D:5      | Gained mutation: You sometimes gain power by taking damage.
                  | [demonic ancestry]
  5677 | D:5      | Reached XP level 8. HP: 53/53 MP: 9/15
  5722 | D:5      | Reached skill level 5 in Spellcasting
  5753 | D:5      | Found Washororyd's Antique Weapon Emporium.
  6044 | D:6      | Reached skill level 1 in Maces & Flails
  6372 | D:6      | Noticed Pikel
  6390 | D:6      | Killed Pikel
  6436 | D:6      | Gained mutation: You have very sharp fingernails. [demonic
                  | ancestry]
  6436 | D:6      | Reached XP level 9. HP: 36/59 MP: 2/18
  6654 | D:6      | Noticed Eustachio
  6686 | D:6      | Killed Eustachio
  6999 | D:6      | Noticed Maggie
  7010 | D:6      | HP: 1/57 [wight/+0 great sword (14)]
  7010 | D:6      | Slain by a wight

Illustrated notes

Levels and vault maps discovered:
D:1:      amcnicky_arrival_gap_in_the_tavern_cellar, layout_rooms, serial_shops,
          nicolae_shop_competitors_out_of_business
D:2:      kennysheep_big_flooded_room, layout_rooms, basic_altar,
          chequers_ecumenical_altar_island, uniq_sigmund
D:3:      layout_basic, st_stairs_5
D:4:      layout_basic, serial_shops, nicolae_inconvenience_store, shop, shop,
          gammafunk_ghost_smash, nicolae_eternal_life, uniq_edmund
D:5:      layout_gridville, minmay_temple_entry_oklob, serial_shops,
          nicolae_lakefront_shop
D:6:      layout_basic, uniq_maggie, uniq_eustachio, uniq_pikel

Skill      XL: |  1  2  3  4  5  6  7  8  9 |
---------------+----------------------------+-----
Fire Magic     | 3 4 5 6 |  6.6
Stealth        | 2 3 |  3.0
Dodging        | 2 |  2.7
Spellcasting   | 3 4 6 |  6.3
Conjurations   | 2 3 4 |  4.4
Translocations | 1 2 3 4 |  4.1
Maces & Flails | 2 |  2.0
Fighting       | |  0.7
Evocations     | |  0.1

Action                   |  1- 3 |  4- 6 |  7- 9 || total
-------------------------+-------+-------+-------++-------
Melee: Whip              |    13 |     9 |       ||    22
       Unarmed           |     2 |       |       ||     2
       Flail             |       |     1 |    36 ||    37
       Rapier            |       |       |     1 ||     1
 Cast: Foxfire           |    41 |   102 |   151 ||   294
       Scorch            |     4 |     6 |    32 ||    42
       Blink             |       |       |     3 ||     3
Evoke: Wand              |       |       |     3 ||     3
  Use: Scroll            |     3 |     1 |     8 ||    12
       Potion            |     1 |       |     3 ||     4
Armor: Robe              |     4 |     2 |    16 ||    22
Dodge: Dodged            |    19 |     9 |    49 ||    77

Table legend: (Time is in decaauts)
 A = Elapsed time spent in this place.
 B = Non-inter-level travel time spent in this place.
 C = Inter-level travel time spent in this place.
 D = Time resting spent in this place.
 E = Time spent auto-exploring this place.
 F = Levels seen in this place.
 G = Mean time per level.
                   A        B        C        D        E       F      G
               +--------+--------+--------+--------+--------+-----+--------+
         Total |   7027 |   6907 |    120 |    689 |   5184 |   6 | 1171.2 |
       Dungeon |   7027 |   6907 |    120 |    689 |   5184 |   6 | 1171.2 |
               +--------+--------+--------+--------+--------+-----+--------+

Top non-repeatable levels by time:
     D:4: 1622 daAuts
     D:5: 1223 daAuts
     D:3: 1138 daAuts
     D:6: 1103 daAuts
     D:2: 1026 daAuts
     D:1: 913 daAuts
